 Dungeon Crawl Stone Soup version 0.22-a0-348-gd16d139 (webtiles) character file.

156 kidcy the Chiller (level 5, -10/35 HPs)
             Began as a Human Ice Elementalist on Apr 10, 2018.
             Mangled by an ogre
             ... wielding a +0 giant spiked club
              (25 damage)
             ... on level 3 of the Dungeon.
             The game lasted 00:04:54 (3025 turns).

kidcy the Chiller (Human Ice Elementalist)          Turns: 3025, Time: 00:04:54

Health: -10/35     AC:  2    Str:  8    XL:     5   Next: 64%
Magic:  14/18      EV: 12    Int: 17    God:
Gold:   236        SH:  0    Dex: 13    Spells: 0/10 levels left

rFire    . . .     SeeInvis .   f - +0 spear (pierce)
rCold    . . .     Gourm    .   (no shield)
rNeg     + . .     Faith    +   a - +0 robe
rPois    .         Spirit   .   (no helmet)
rElec    .         Reflect  .   (no cloak)
rCorr    .         Harm     .   (no gloves)
MR       .....                  (no boots)
Stlth    ++........             o - amulet of faith
HPRegen  0.11/turn              i - ring of positive energy
MPRegen  0.16/turn              m - ring of magical power

@: about to teleport
A: no striking features
a: no special abilities


You were on level 3 of the Dungeon.
You were very hungry.

You visited 1 branch of the dungeon, and saw 3 of its levels.

You collected 236 gold pieces.

Inventory:

Hand Weapons
 f - a +0 spear of piercing (weapon)
 h - a +0 flail
Armour
 a - a +0 robe (worn)
 j - a cursed +0 ring mail
Jewellery
 i - a ring of positive energy (left hand)
 m - a ring of magical power (right hand)
 o - an amulet of faith (around neck)
Scrolls
 b - 3 scrolls of identify {unknown}
Potions
 d - a potion of haste {unknown}
 e - a potion of resistance {unknown}
 n - 2 potions of curing {unknown}
Comestibles
 c - 8 rations


   Skills:
 - Level 2.0 Dodging
 - Level 2.0 Stealth
 + Level 3.2 Spellcasting
 - Level 1.0 Conjurations
 * Level 5.1 Ice Magic


You couldn't memorise any spells.
You knew the following spells:

 Your Spells              Type           Power        Failure   Level  Hunger
a - Freeze                Ice            ###.         1%          1    None
b - Throw Frost           Conj/Ice       ##....       8%          2    ##.....
c - Ozocubu's Armour      Chrm/Ice       ##......     19%         3    ###....
s - Summon Ice Beast      Ice/Summ       ##......     52%         4    ####...


Dungeon Overview and Level Annotations

Branches:
Dungeon (3/15)

Altars:
Elyvilon

Annotations:
D:3 Grinder


Message History

Grinder blinks!
The orc hits you from afar with an enchanted trident!
* * * LOW HITPOINT WARNING * * *
Grinder blinks!
The orc hits you but does no damage.
You can move again.
Okay, then.
Okay, then.
Unknown command.
As you read the scroll labeled TEMOUR KEDA, it crumbles to dust.
The scroll dissolves into smoke.
It was a scroll of fog.
The orc closely misses you.
As you read the scroll labeled RIAKKU BECZI, it crumbles to dust.
The creatures around you are filled with an inner flame!
It was a scroll of immolation.
The orc closely misses you. Grinder barely misses you.
As you read the scroll labeled UGOKHL VILO, it crumbles to dust.
You feel strangely unstable.
It was a scroll of teleportation.
The ogre hits you with a giant spiked club!!
Ouch! That really hurt!
You die...

###### #....#
#################....#
#>.......5§§§§..#....###
#........§@Oo§§.........
#.#############......#
#.######### ##.....#
#......[..# #..####
#########.# ##.# #....>#
#O## #.....# #..#
#.....# ##.## #.....#
#..#


You could see Grinder, an ogre (inner flame) and an orc (inner flame).

Vanquished Creatures
  5 adders
  4 gnolls
  5 worms
  2 dart slugs
  3 leopard geckos
  2 orcs (D:3)
  3 giant cockroaches (D:2)
  6 goblins
  4 hobgoblins (D:2)
  3 ball pythons
  5 bats
  2 frilled lizards
  4 kobolds (D:2)
  9 rats
57 creatures vanquished.

Notes
Turn   | Place    | Note
-------+----------+-------------------------------------------
     0 | D:1      | kidcy the Human Ice Elementalist began the quest for the Orb.
     0 | D:1      | Reached XP level 1. HP: 13/13 MP: 3/3
   401 | D:1      | Reached XP level 2. HP: 16/19 MP: 5/5
   602 | D:1      | Reached XP level 3. HP: 15/24 MP: 1/6
   720 | D:1      | Learned a level 2 spell: Throw Frost
   724 | D:1      | Learned a level 3 spell: Ozocubu's Armour
  1227 | D:2      | Reached skill level 4 in Ice Magic
  1469 | D:2      | Reached XP level 4. HP: 20/30 MP: 4/8
  1717 | D:2      | Found a white marble altar of Elyvilon.
  2027 | D:2      | Reached XP level 5. HP: 35/35 MP: 9/9
  2756 | D:3      | Learned a level 4 spell: Summon Ice Beast
  2843 | D:3      | Reached skill level 5 in Ice Magic
  2983 | D:3      | Noticed an ogre
  2985 | D:3      | Noticed Grinder
  3017 | D:3      | Paralysed by Grinder for 5 turns
  3025 | D:3      | Mangled by an ogre

Vault maps used:
D:1:      dpeg_arrival_tiny_f, minmay_tall_x
D:2:      kennysheep_nondescript, lemuel_statue_altar
D:3:      nemelex_dance_club_becter, uniq_grinder

Skill      XL: |  1  2  3  4  5 |
---------------+----------------+-----
Ice Magic      | 4 5 |  5.1
Spellcasting   | 3 |  3.2
Dodging        | |  2.0
Stealth        | |  2.0
Conjurations   | |  1.0

Action                   |  1- 3 |  4- 6 || total
-------------------------+-------+-------++-------
Melee: Unarmed           |     6 |       ||     6
       Club              |     7 |       ||     7
       Spear             |    18 |    60 ||    78
       Flail             |     9 |       ||     9
 Cast: Freeze            |    23 |    43 ||    66
       Throw Frost       |       |     3 ||     3
       Ozocubu's Armour  |       |     1 ||     1
  Use: Potion            |     1 |       ||     1
       Scroll            |       |     3 ||     3
 Stab: Sleeping          |     3 |     3 ||     6
  Eat: Chunk             |     2 |     4 ||     6
Armor: Robe              |    17 |    10 ||    27
Dodge: Dodged            |    33 |    61 ||    94

Table legend:
 A = Spawn XP
 B = Non-spawn XP
 C = Spawn XP percentage of total XP
 D = Spawn monster count
 E = Non-spawn monster count
 F = Spawn count percentage of total count
 G = Total turns spent on level
                    A         B        C        D         E        F      G
               +---------+---------+-------+---------+---------+-------+---------
         Total |       0 |     223 |   0.0 |       0 |      57 |   0.0 |  3025
               +---------+---------+-------+---------+---------+-------+---------
           D:1 |       0 |      31 |   0.0 |       0 |      12 |   0.0 |   979
           D:2 |       0 |     135 |   0.0 |       0 |      35 |   0.0 |  1692
           D:3 |       0 |      57 |   0.0 |       0 |      10 |   0.0 |   354
               +---------+---------+-------+---------+---------+-------+---------
